 Dungeon Crawl Stone Soup version 0.31-a0-965-g8a8ce12e04 (webtiles) character file.

Game seed: 2361543185755181104

457 tsujin the Ruffian (level 6, -12/44 HPs)
             Began as a Demonspawn Shapeshifter on Oct 26, 2023.
             Was a Believer of Uskayaw.
             Mangled by an ogre
             ... wielding a +0 giant spiked club
              (15 damage)
             ... on level 5 of the Dungeon.
             The game lasted 00:07:18 (3404 turns).

tsujin the Ruffian (Demonspawn Shapeshifter)        Turns: 3404, Time: 00:07:19

Health: -12/44     AC:  2    Str: 17    XL:     6   Next: 77%
Magic:  6/6        EV: 12    Int: 11    God:    Uskayaw [**....]
Gold:   141        SH:  0    Dex: 12    Spells: 5/5 levels left

rFire   . .          .
                       - Unarmed
rCold   . . .        (no shield)
rNeg    . . .        a - +0 animal skin
rPois   .            (helmet currently unavailable)
rElec   .            (cloak currently unavailable)
rCorr   +            (gloves currently unavailable)
SInv    .            (boots currently unavailable)
Will    +....        (no amulet)
Stlth   ++           f - ring of resist corrosion
HPRegen 0.27/turn    (no ring)
MPRegen 0.10/turn

%: no passive effects
@: beast-form, enlightened, flying
A: beast (slay +2), powered by pain 1, weakness stinger 2, demonic touch 1
a: Begin Untransformation, Renounce Religion, Stomp, Line Pass


You were on level 5 of the Dungeon.
You worshipped Uskayaw.
Uskayaw was noncommittal.
You were a hulking beast.
You visited 1 branch of the dungeon, and saw 5 of its levels.

You collected 141 gold pieces.

Inventory:

Armour
 a - a +0 animal skin (worn)
Magical Staves
 e - a staff of cold
Jewellery
 f - a ring of resist corrosion (left hand)
Talismans
 c - a beast talisman
 d - a flux talisman
Wands
 l - a wand of charming (10)
Scrolls
 q - a scroll of enchant weapon
 r - 2 scrolls of identify
 s - 2 scrolls of revelation
 t - a scroll of butterflies {unknown}
Potions
 b - a potion of lignification
 h - a potion of mutation {unknown}
 k - a potion of attraction
 m - a potion of degeneration {unknown}
 n - a potion of heal wounds {unknown}
 o - 2 potions of enlightenment
 p - a potion of haste {unknown}


   Skills:
 + Level 2.1 Fighting
 + Level 1.4 Armour
 + Level 2.4 Dodging
 + Level 1.5 Stealth
 + Level 5.5 Unarmed Combat
 * Level 3.5 Shapeshifting


You had 5 spell levels left.
You didn't know any spells.
Your spell library contained the following spells:

 Spells                   Type           Power      Damage    Failure   Level
 Ignite Poison            Fire/Tmut/Pois 0%         N/A       71%         3
 Sticky Flame             Conj/Fire      0%         2d3       98%         4
 Ignition                 Fire           0%         3d3       100%        8


Dungeon Overview and Level Annotations

Branches:
Dungeon (5/15)
 Temple: D:4-7

Altars:
Hepliaklqana
Nemelex Xobeh
Uskayaw

Annotations:
D:5 3 runed translucent doors, PowderKeg's ghost, amateur DgFi


Innate Abilities, Weirdness & Mutations

You are a hulking beast.
Your limbs bulge with bestial killing power. (Slay +2)
You sometimes gain a little power by taking damage.
You have a tail ending in a sharp stinger.
Your touch may inflict minor irresistible damage on your foes.


Message History

The orc hits you with a +0 short sword.
You take 2 damage, and have 41/44 hp.
The orc shouts!
You punch the orc!
You kill the orc!
The orc barely misses you. The orc attacks as it pursues you!
The orc hits you with a +0 whip.
You take 5 damage, and have 37/44 hp.
The orc attacks as it pursues you! The orc hits you with a +0 dagger.
You take 1 damage, and have 36/44 hp.
The orc barely misses you. The orc hits you with a +0 whip.
The orc attacks as it pursues you! The orc hits you with a +0 whip.
You take 4 damage, and have 32/44 hp.
The orc misses you. The orc barely misses you.
The orc attacks as it pursues you! The orc hits you but does no damage.
You barely miss the orc. The orc hits you with a +0 dagger.
You take 1 damage, and have 32/44 hp.
You hit the orc. You tail-slap the orc.
You kill the orc!
You hit the ogre.
You touch the ogre!
The ogre is heavily wounded.
The ogre misses you.
You punch the ogre!
The ogre is severely wounded.
You can now pass through a line of other dancers.
You hit the ogre.
The ogre is almost dead.
The ogre hits you with a +0 giant spiked club!!
Ouch! That really hurt!
* * * LOW HITPOINT WARNING * * *
You take 31 damage, and have 2/44 hp.
MASSIVE DAMAGE!!
It was a potion of enlightenment.
You feel very buoyant.
You fly up into the air.
Okay, then.
Okay, then.
You hit the ogre.
The ogre is almost dead.
The ogre hits you with a +0 giant spiked club!
You die...

..#########..##..#
.............##..#
..............#..#
..[........##....####.#.#
.......†#.######..........
#........#.# #..####.#..
#........#.# #..# ...
#........#.### ###<#+##.#
#....####h..# #.....^..#
.......oO##.# #.#......# #
.#+#...oo# ..##.#.[.<..# #
##....# ..#.#......###
###..)# #.....#......#
+'...# ###...........
###...# #...........
##....######...#.......
#..........#...#.......


You could see an ogre and 3 orcs.

Vanquished Creatures
  An ogre (D:5)
  A scorpion (D:5)
  4 jellies
  A hound (D:4)
  4 gnolls
  5 adders
  2 worms (D:2)
  A dart slug (D:3)
  3 orcs
  4 bats
  11 endoplasms
  A giant cockroach (D:4)
  A goblin (D:2)
  5 hobgoblins
  3 quokkas
  10 ball pythons
  5 frilled lizards
  7 kobolds
  3 rats
  A spectral hobgoblin (D:3)
73 creatures vanquished.

Notes
Turn   | Place    | Note
-------+----------+-------------------------------------------
     0 | D:1      | tsujin the Demonspawn Shapeshifter began the quest for the
                  | Orb.
     0 | D:1      | Reached XP level 1. HP: 15/15 MP: 1/1
   148 | D:1      | Reached skill level 3 in Unarmed Combat
   235 | D:1      | Discovered your monstrous ancestry.
   235 | D:1      | Gained mutation: You have a small tail. [demonic ancestry]
   235 | D:1      | Reached XP level 2. HP: 21/21 MP: 2/2
   665 | D:2      | Gained mutation: You sometimes gain a little power by
                  | taking damage. [demonic ancestry]
   665 | D:2      | Reached XP level 3. HP: 7/26 MP: 3/3
   976 | D:2      | Reached skill level 4 in Unarmed Combat
  1042 | D:2      | HP: 1/26 [poisoned by an adder]
  1220 | D:2      | Reached XP level 4. HP: 28/32 MP: 4/4
  1914 | D:3      | Found a sparkling altar of Nemelex Xobeh.
  2317 | D:3      | Found a hazy altar of Hepliaklqana.
  2550 | D:3      | Found a hide-covered altar of Uskayaw.
  2563 | D:3      | Became a worshipper of Uskayaw the Reveller
  2632 | D:4      | Reached * piety under Uskayaw
  2633 | D:4      | Reached skill level 5 in Unarmed Combat
  2634 | D:4      | Reached ** piety under Uskayaw
  2751 | D:4      | Gained mutation: You have a tail ending in a sharp stinger.
                  | [demonic ancestry]
  2751 | D:4      | Reached XP level 5. HP: 33/37 MP: 5/5
  3111 | D:5      | Entered Level 5 of the Dungeon
  3135 | D:5      | Identified the +0 helmet "Uneylo" {rElec}
  3158 | D:5      | Found a runed translucent gate.
  3158 | D:5      | Found a runed translucent gate.
  3158 | D:5      | Found a runed translucent gate.
  3159 | D:5      | Noticed PowderKeg's ghost (amateur DgFi)
  3162 | D:5      | Reached skill level 1 in Stealth
  3162 | D:5      | Gained mutation: Your touch may inflict minor irresistible
                  | damage on your foes. [demonic ancestry]
  3162 | D:5      | Reached XP level 6. HP: 37/43 MP: 6/6
  3167 | D:5      | Reached *** piety under Uskayaw
  3172 | D:5      | Reached skill level 1 in Armour
  3402 | D:5      | HP: 2/44 [ogre/+0 giant spiked club (31)]
  3404 | D:5      | Mangled by an ogre

Illustrated notes

Levels and vault maps discovered:
D:1:      orjb1_lava_funnel, layout_loops_cross, st_stairs_2
D:2:      minmay_skewed_foursquare, layout_basic
D:3:      layout_loops_ring, nicolae_hepliaklqana_monster_ancestors,
          nicolae_uskayaw_suspiria, nemelex_spade_bored_becter
D:4:      layout_rooms, tso_oasis_becter, small_statue_intersection
D:5:      layout_basic, minmay_temple_entry_from_below_b, serial_shops,
          nicolae_shop_real_fake_doors, gammafunk_ghost_split

Skill      XL: |  1  2  3  4  5  6 |
---------------+-------------------+-----
Unarmed Combat | 3 4 5 |  5.5
Dodging        | 2 |  2.4
Shapeshifting  | 3 |  3.5
Stealth        | 1 |  1.5
Armour         | 1 |  1.4
Fighting       | 2 |  2.1

Action                     |  1- 3 |  4- 6 || total
---------------------------+-------+-------++-------
  Melee: Unarmed           |    80 |   113 ||   193
         Tailslap          |     2 |     8 ||    10
         Punch             |     2 |     3 ||     5
         Touch             |       |     4 ||     4
    Use: Scroll            |     3 |     6 ||     9
         Potion            |       |     2 ||     2
   Stab: Sleeping          |       |     4 ||     4
         Paralysed         |       |     1 ||     1
 Armour: Animal skin       |    24 |    67 ||    91
  Dodge: Dodged            |    40 |    45 ||    85

Table legend: (Time is in decaauts)
 A = Elapsed time spent in this place.
 B = Non-inter-level travel time spent in this place.
 C = Inter-level travel time spent in this place.
 D = Time resting spent in this place.
 E = Time spent auto-exploring this place.
 F = Levels seen in this place.
 G = Mean time per level.
                   A        B        C        D        E       F      G
               +--------+--------+--------+--------+--------+-----+--------+
         Total |   3386 |   3299 |     87 |    453 |   2172 |   5 |  677.2 |
       Dungeon |   3386 |   3299 |     87 |    453 |   2172 |   5 |  677.2 |
               +--------+--------+--------+--------+--------+-----+--------+

Top non-repeatable levels by time:
     D:2: 1070 daAuts
     D:3: 855 daAuts
     D:1: 652 daAuts
     D:4: 516 daAuts
     D:5: 290 daAuts
